Workbook

Sheet Cover

Sheet Summary
B2: INITIAL FEASIBILITY
B3: Element of Work | C3: Lower specification | D3: Higher specification | E3: Percentage of Total cost | F3: Time Factor | G3: Location Factor | H3: TOTAL with indices applied
B5: ='1. Preliminaries-main contract'!C8 -> PRELIMINARIES | C5: ='1. Preliminaries-main contract'!L94 -> 880342 | D5: ='1. Preliminaries-main contract'!L94 -> 880342 | E5: =D5/D15 -> 0.020578568 | F5: 1.19 | G5: 0.86 | H5: =D5*F5*G5 -> 900942
B6: ='Initial Feasability'!B2 -> ENABLING WORKS | C6: ='Initial Feasability'!J2 -> 164620.81 | D6: ='Initial Feasability'!K2 -> 164620.81 | E6: =D6/$D$15 -> 0.0038481188 | F6: 1.19 | G6: 0.86 | H6: =D6*F6*G6 -> 168472.94
B7: ='Initial Feasability'!B33 -> EXCAVATE AND FILL | C7: ='Initial Feasability'!J33 -> 5352764.5 | D7: ='Initial Feasability'!K33 -> 5352764.5 | E7: =D7/$D$15 -> 0.12512436 | F7: 1.19 | G7: 0.86 | H7: =D7*F7*G7 -> 5478019.2
B8: ='Initial Feasability'!B53 -> SUBSTRUCTURE | C8: ='Initial Feasability'!J53 -> 2866919.6 | D8: ='Initial Feasability'!K53 -> 5399377.8 | E8: =D8/$D$15 -> 0.12621398 | F8: 1.19 | G8: 0.86 | H8: =D8*F8*G8 -> 5525723.2
B9: ='Initial Feasability'!B96 -> DRAINAGE | C9: ='Initial Feasability'!J96 -> 204130.56 | D9: ='Initial Feasability'!K96 -> 228130.56 | E9: =D9/$D$15 -> 0.0053327006 | F9: 1.19 | G9: 0.86 | H9: =D9*F9*G9 -> 233468.82
B10: ='Initial Feasability'!B164 -> CAR PARKING | C10: ='Initial Feasability'!J164 -> 6300000 | D10: ='Initial Feasability'!K164 -> 10120000 | E10: =D10/$D$15 -> 0.2365616 | F10: 1.19 | G10: 0.86 | H10: =D10*F10*G10 -> 10356808
B11: ='Initial Feasability'!B183 -> GENERAL SUPERSTRUCTURES AND FACILITIES | C11: ='Initial Feasability'!J183 -> 10735119 | D11: ='Initial Feasability'!K183 -> 14464813 | E11: =D11/$D$15 -> 0.33812443 | F11: 1.19 | G11: 0.86 | H11: =D11*F11*G11 -> 14803289
B12: ='Initial Feasability'!B207 -> SPORTS PITCH | C12: ='Initial Feasability'!J207 -> 385887.5 | D12: ='Initial Feasability'!K207 -> 509320 | E12: =D12/$D$15 -> 0.011905687 | F12: 1.19 | G12: 0.86 | H12: =D12*F12*G12 -> 521238.09
B13: ='Initial Feasability'!B260 -> GENERAL GARDEN LANDSCAPED AREA | C13: ='Initial Feasability'!J260 -> 68690 | D13: ='Initial Feasability'!K260 -> 80245 | E13: =D13/$D$15 -> 0.0018757792 | F13: 1.19 | G13: 0.86 | H13: =D13*F13*G13 -> 82122.733
B14: OVERHEADS | C14: 4043771.1 | D14: 5579942 | E14: =D14/$D$15 -> 0.13043478 | F14: 1.19 | G14: 0.86 | H14: =D14*F14*G14 -> 5710512.6
C15: =SUM(C5:C14) -> 31002245 | D15: =SUM(D5:D14) -> 42779555 | E15: =SUM(E5:E14) -> 1 | H15: =SUM(H5:H14) -> 43780597

Sheet Allowances & Assumptions
B2: Further Allowances, Assumptions & Information Used | N2: Notable exerpts from Groundworks tender pack
B4: 1 | C4: In exerpt 4, we have a referral to 'SKETCH SK005 ENABLING WORK', mentioning cut and turn specification | N4: 1 | O4: MIN 200 THK RC SLAB WITH 2 | T4: REVOLVING DOOR ASSUME DIMS
C5: Also with exerpt 2, we are not in receipt of 'DWG 101' for 'GROUND IMPROVEMENT' | O5: LAYERS A393 MESH, FOR
C6: Based on this limited information, we assumed an excavation of 2 metres and filled with import stone. | O6: REVOLVING DOOR, REFER TO
C7: We have use the drawing 'Library Building Sub-structure Sections' to inform this assumption. | O7: ARCHITECT'S DRAWING FOR
O8: SETTING-OUT.
B9: 2 | C9: The drawing 'LibrarY Building Ground Floor Layout' gives a number of specifications we have used:
C10: - "150 THK RC GROUND BEARING SLAB WITH 1 LAYER OF A393 MESH ON 2000g DPM | N10: 2 | O10: 150 THK RC GROUND BEARING SLAB
C11: ON 150 THK WELL COMPACTED STONEDUST BLINDED TYPE 1 MATERIAL, FOR DETAILS OF | O11: WITH 1 LAYER OF A393 MESH ON 2000g DPM
C12: GROUND IMPROVEMENT BELOW SLAB REFER TO SECTION 1-1 & 2-2 ON DWG 101." | O12: ON 150 THK WELL COMPACTED STONEDUST
O13: BLINDED TYPE 1 MATERIAL, FOR DETAILS OF
B14: 3 | C14: We have assumed the dimensions of revolving door to ensure we have allowed as per the following specification: | O14: GROUND IMPROVEMENT BELOW SLAB REFER
C15: - "MIN 200 THK RC SLAB WITH 2 FOR REVOLVING DOOR, LAYERS A393 MESH, | O15: TO SECTION 1-1 & 2-2 ON DWG 101.
C16: REFER TO ARCHITECT'S DRAWING FOR SETTING-OUT"
N17: 3 | O17: 1500 X 900 X 900 DEEP PIT WITH 200 THK RC | T17: 1500 | U17: x | V17: =2400-950 -> 1450
B18: 4 | C18: We have two 'DEEP PIT' items specified in the 'Library Building Ground Floor Layout'. | O18: BASE SLAB AND 200THK RC WALLS WITH 1
C19: We have included these items within our 'Bill No. 11 - In-situ concrete works' section | O19: LAYER OF A393 MESH TO ALL FACES TOP &
O20: BOTTOM. TOP EDGE TO HAVE 100x100
B21: 5 | C21: We have various reinforced concrete shear walls specified in the 'Library Building Ground Floor Layout' | O21: GALVANISED ANGLE WITH
C22: We have included these items within our 'Bill No. 11 - In-situ concrete works' section | O22: FISH TAIL TANGS ALL ROUND TO TO SUPPORT
O23: CHECKER PLATE.
B24: 6 | C24: We included a powerfloated finished slab, with the 'RC UPSTAND' and 600mm facing brickwork
C25: as we do not have the 'FINISHES TO ARCHITECT'S DETAILS'. We are happy to include for additional | N25: 4 | O25: REFER TO SKETCH SK005
C26: floor finishes if further specification is available. | O26: 'ENABLING WORKS' FOR
O27: CUT AND TURN
B28: 7 | C28: We have not been provided with a ring beam detail in full. We have assumed an allowance | O28: SPECIFICATION.
C29: of reinforced steel within the pile ringbeam.

Sheet Document Register
B2: Document Register / Drawings Used
C4: Drawing / Document description | D4: No | E4: Revision | F4: Project Ref

Sheet Initial Feasability
F1: QUANTITY | G1: UNIT | H1: RATE (LOWER SPEC) | I1: RATE (HIGHER SPEC) | J1: VALUE (LOWER SPEC) | K1: VALUE (HIGHER SPEC)
B2: ENABLING WORKS | J2: =SUM(J8:J29) -> 164620.81 | K2: =SUM(K8:K29) -> 164620.81
B4: Knotweed treatment
B6: Japanese Knotweed Management Plan; PBA Solutions Ltd Formulate
B7: Japanese Knotweed Management Plan (KMP) as recommended by the
B8: Environment Agency Code of Practice 2006 (EA CoP) | F8: 1 | G8: nr | H8: 1359.61 | I8: 1359.61 | J8: =H8*F8 -> 1359.61 | K8: =I8*F8 -> 1359.61
B10: Treatment of Japanese Knotweed; PBA Solutions Ltd; removal and/or
B11: treatment in accordance with The Knotweed Code of Practice
B13: Commercial chemical treatments based on areas greater than 900m2 knotweed area; allows for the
B14: provision of contractual arrangements including method statements and spraying records;
B15: also allows for the provision of risk, environment and COSHH
B16: assessments; rates for 3–5 year programme,
B17: incl. management plan and post-treatment monitoring
C18: rate per visit | F18: 16000 | G18: m2 | H18: 0.89 | I18: 0.89 | J18: =H18*F18 -> 14240 | K18: =I18*F18 -> 14240
B19: OR
C20: Rate per year (3-5 year) | F20: 16000 | G20: m2 | H20: 8.11 | I20: 8.11 | J20: =H20*F20 -> 129760 | K20: =I20*F20 -> 129760
B23: Removal off site to a licensed landfill site using 20 tonne
B24: gross vehicle weight lorries; price is for haulage and tipping only;
B25: the mileage stated below is the distance from point of collection to
B26: licensed landfill site; price excludes landfill tax and loading of material into lorries; rates
B27: will fluctuate between landfill operators and the figures
B28: given are for initial guidance only
C29: 20-40 miles | E29: (Provisional) | F29: 20 | G29: loads | H29: 963.06 | I29: 963.06 | J29: =H29*F29 -> 19261.2 | K29: =I29*F29 -> 19261.2
B33: EXCAVATE AND FILL | J33: =SUM(J39:J50) -> 5352764.5 | K33: =SUM(K39:K50) -> 5352764.5
B36: GENERAL EXCAVATION
B37: Excavate material other than topsoil, rock or artificial hard
B38: material
B39: 2.0-5.0 deep | F39: ='Information given by model'!E4+'Information given by model'!D13+'Information given by model'!D20+600 -> 30053.138 | H39: 11.69 | I39: 11.69 | J39: =F39*H39 -> 351321.19 | K39: =I39*F39 -> 351321.19
B43: EXCAVATION ANCILLARIES
B44: Disposal of excavated earth other than rock or artificial hard material
B45: storage on site; 100m maximum distance; using 22.5 t ADT | F45: =F39 -> 30053.138 | H45: 5.89 | I45: 5.89 | J45: =F45*H45 -> 177012.98 | K45: =I45*F45 -> 177012.98
B46: Add to the above rates where tipping charges apply:
B47: hazardous waste | F47: =F39 -> 30053.138 | H47: 160.53 | I47: 160.53 | J47: =F47*H47 -> 4824430.3 | K47: =I47*F47 -> 4824430.3
B49: NOTE: NO ALLOWANCE FOR CONTAMINATED
B50: LAND REMEDIATION TAX RELIEF
B53: SUBSTRUCTURE | J53: =SUM(J59:J94) -> 2866919.6 | K53: =SUM(K59:K94) -> 5399377.8
B55: Building Cost Model Used: Concert Hall | F55: Model location is Inner London Model TPI = 131; LF = 1.06
B56: Substructure
B58: Piled foundations; RC ground bearing slab; lift pits
B59: & sumps. Partial basement 1,000 m² assumed | F59: ='Information given by model'!D3+'Information given by model'!D13 -> 11019.138 | G59: m2 | H59: 490 | I59: 490 | K59: =I59*F59 -> 5399377.8
B60: secant piled with RC lining walls and cavity drain
A61: OR
B62: Approximate Estimating Rates
B64: Unless otherwise described units denoted as m² refer to appropriate unit areas (rather than gross internal floor areas).
B66: 1.1.2 Specialist Foundations
B67: Piling
B68: Enabling works
B69: excavate to form piling mat; supply and lay imported hardcore – recycled
B70: brick and similar to form piling mat | F70: =('Information given by model'!D3+'Information given by model'!D13)*0.5 -> 5509.5692 | G70: m3 | H70: 11.3 | I70: 13.7 | J70: =H70*F70 -> 62258.132
B72: provision of plant (1 nr rig); including bringing to and removing from site;
B73: maintenance, erection and dismantling at each pile position | F73: 1 | G73: item | H73: 19000 | I73: 23000 | J73: =H73*F73 -> 19000
B75: Supply and install concrete Continuous Flight Auger (CFA) piles; cart away
B76: inactive spoil; measure total length of pile
B77: 750mm dia. reinforced concrete CFA piles | F77: ='Information given by model'!F8 -> 936.62676 | G77: m | H77: 130 | I77: 155 | J77: =H77*F77 -> 121761.48
B79: Pile testing
B80: using tension piles as reaction; typical loading test 1000 kN to 2000 kN | G80: item | H80: 7900 | I80: 9500
B81: integrity testing; minimum 20 per visit | F81: 190 | G81: nr | H81: 16 | I81: 19.3 | J81: =H81*F81 -> 3040
B83: Secant wall piling, 750mm dia. piles including site mobilization and
B84: demobilization; Measure total area of piling (total length × total depth)
B85: supply and install secant wall piling | F85: =('Information given by model'!D10)*5 -> 5710 | G85: m2 | H85: 270 | I85: 325 | J85: =H85*F85 -> 1541700
B87: Steel sheet piling; Measure total area of piling (total length × total depth)
B88: interlocking steel sheet piling to excavation perimeter; Corus LX or similar;
B89: extraction on completion | F89: =('Information given by model'!D10)*3 -> 3426 | G89: m2 | H89: 200 | I89: 240 | J89: =H89*F89 -> 685200
B92: Reinforced concrete basement walls;
B93: NOTE: excluding bulk excavation costs and hardcore fill
B94: 200mm thick waterproof reinforced concrete | F94: ='Information given by model'!D10 -> 1142 | G94: m2 | H94: 380 | I94: 460 | J94: =H94*F94 -> 433960
B96: DRAINAGE | J96: =SUM(J105:J162) -> 204130.56 | K96: =SUM(K99:K162) -> 228130.56
B98: Soakaways: Stormwater Management
B99: Soakaway crates; heavyweight (60 tonne) polypropylene high-void box
B100: units; including excavation and backfilling as required. Note final surfacing
B101: not included | F101: 600 | G101: m3 | H101: 165 | I101: 200 | K101: =I101*F101 -> 120000
B103: Soakaway crates; lightweight (20 tonne) polypropylene high-void box units;
B104: including excavation and backfilling as required. Note final surfacing not
B105: included | F105: 600 | G105: m3 | H105: 160 | I105: 195 | J105: =H105*F105 -> 96000
B107: EXTERNAL DRAINAGE
B109: GULLIES
B110: Vitrified clay; set in concrete grade C20, 150mm
B111: thick; additional excavation and disposal
B112: Yard gully (mud); trapped with rodding eye;
B113: galvanized bucket; stopper
B114: 225mm dia., 100mm dia. outlet, cast iron hinged
B115: grate and frame | F115: 20 | G115: nr | H115: 428.87 | I115: 428.87 | J115: =H115*F115 -> 8577.4 | K115: =I115*F115 -> 8577.4
B119: 34.01 URBAN AND LANDSCAPE DRAINAGE
B120: Slot and grate drainage
B121: ACO MultiDrain M100D polymer concrete channel
B122: drainage system; galvanized steel edge trim;
B123: nominal bore 100mm; type of fall constant; bedding
B124: and haunching with in situ concrete (not included)
B125: Slotted grating
B126: galvanized steel grating, load class A15
B127: (pedestrian areas) | F127: 700 | G127: m | H127: 114.36 | I127: 114.36 | J127: =H127*F127 -> 80052 | K127: =I127*F127 -> 80052
B129: UNDER SLAB DRAINAGE
B130: POLYVINYL CHLORIDE PIPES
B131: Unplasticized PVC pipes; ring seal sockets;
B132: excavation and supports, backfilling;
B133: 6 m pipe lengths unless stated otherwise
B134: 110 mm pipes; in trenches, depth
B135: not in trench | F135: 150 | G135: m | H135: 20.38 | I135: 20.38 | J135: =H135*F135 -> 3057 | K135: =I135*F135 -> 3057
B136: extra for bend; short radius (socket/spigot) | F136: 10 | G136: nr | H136: 55.68 | I136: 55.68 | J136: =H136*F136 -> 556.8 | K136: =I136*F136 -> 556.8
B137: extra for bend; adjustable (socket/spigot) | F137: 6 | G137: nr | H137: 56.97 | I137: 56.97 | J137: =H137*F137 -> 341.82 | K137: =I137*F137 -> 341.82
...

Sheet Developed Feasibility
F1: QUANTITY | G1: UNIT | H1: RATE (LOWER SPEC) | I1: RATE (HIGHER SPEC) | J1: VALUE (LOWER SPEC) | K1: VALUE (HIGHER SPEC)
B3: SUBSTRUCTURE
B5: Building Cost Model Used: Concert Hall | F5: Model location is Inner London Model TPI = 131; LF = 1.06
B6: Substructure
B8: Piled foundations; RC ground bearing slab; lift pits
B9: & sumps. Partial basement 1,000 m² assumed | F9: ='Information given by model'!D3+'Information given by model'!D13 -> 11019.138 | G9: m2 | H9: 490 | J9: =H9*F9 -> 5399377.8
B10: secant piled with RC lining walls and cavity drain
A11: OR
B12: Approximate Estimating Rates
B14: Unless otherwise described units denoted as m² refer to appropriate unit areas (rather than gross internal floor areas).
B16: 1.1.2 Specialist Foundations
B17: Piling
B18: Enabling works
B19: excavate to form piling mat; supply and lay imported hardcore – recycled
B20: brick and similar to form piling mat | F20: =('Information given by model'!D3+'Information given by model'!D13)*0.5 -> 5509.5692 | G20: m3 | H20: 11.3 | I20: 13.7 | J20: =H20*F20 -> 62258.132 | K20: =F20*I20 -> 75481.098
B22: provision of plant (1 nr rig); including bringing to and removing from site;
B23: maintenance, erection and dismantling at each pile position | F23: 1 | G23: item | H23: 19000 | I23: 23000 | J23: =H23*F23 -> 19000 | K23: =F23*I23 -> 23000
B25: Supply and install concrete Continuous Flight Auger (CFA) piles; cart away
B26: inactive spoil; measure total length of pile
B27: 750mm dia. reinforced concrete CFA piles | F27: ='Information given by model'!F8 -> 936.62676 | G27: m | H27: 130 | I27: 155 | J27: =H27*F27 -> 121761.48 | K27: =F27*I27 -> 145177.15
B29: Pile testing
B30: using tension piles as reaction; typical loading test 1000 kN to 2000 kN | G30: item | H30: 7900 | I30: 9500
B31: integrity testing; minimum 20 per visit | F31: 10 | G31: nr | H31: 16 | I31: 19.3 | J31: =H31*F31 -> 160 | K31: =F31*I31 -> 193
B33: Secant wall piling, 750mm dia. piles including site mobilization and
B34: demobilization; Measure total area of piling (total length × total depth)
B35: supply and install secant wall piling | F35: =('Information given by model'!D10)*3 -> 3426 | G35: m2 | H35: 270 | I35: 325 | J35: =H35*F35 -> 925020 | K35: =F35*I35 -> 1113450
B37: Steel sheet piling; Measure total area of piling (total length × total depth)
B38: interlocking steel sheet piling to excavation perimeter; Corus LX or similar;
B39: extraction on completion | F39: =('Information given by model'!D10)*3 -> 3426 | G39: m2 | H39: 200 | I39: 240 | J39: =H39*F39 -> 685200 | K39: =F39*I39 -> 822240
B42: Reinforced concrete basement walls;
B43: NOTE: excluding bulk excavation costs and hardcore fill
B44: 200mm thick waterproof reinforced concrete | F44: ='Information given by model'!D10 -> 1142 | G44: m2 | H44: 380 | I44: 460 | J44: =H44*F44 -> 433960 | K44: =F44*I44 -> 525320
B47: CAR PARKING
B49: Building Prices per Functional Unit
B50: Utilities, Civil Engineering facilities
B51: Car Parking
B52: underground car parks partially underground under buildings; natural
B53: ventilation; 27 to 30m2 / car | F53: =25+183+2 -> 210 | G53: p/car | H53: 20500 | I53: 28500 | J53: =F53*H53 -> 4305000 | K53: =F53*I53 -> 5985000
B54: underground car parks completely underground with landscaped roof;
B55: mechanical ventilation; 28 to 32m2/car | F55: 210 | G55: p/car | H55: 36500 | I55: 51000 | J55: =F55*H55 -> 7665000 | K55: =F55*I55 -> 10710000
B56: underground car parks completely underground under buildings;
B57: mechanical ventilation; 28 to 32m2/car | F57: 210 | G57: p/car | H57: 30000 | I57: 42000 | J57: =F57*H57 -> 6300000 | K57: =F57*I57 -> 8820000
B59: Building Prices per Square Metre
B60: UNICLASS D1 UTILITIES, CIVIL ENGINEERING FACILITIES
B61: Underground car parks
B62: partially underground under buildings; naturally ventilated | F62: 8800 | G62: m2 | H62: 660 | I62: 840 | J62: =F62*H62 -> 5808000 | K62: =F62*I62 -> 7392000
B63: completely underground under buildings with mechanical ventilation | F63: 8800 | G63: m2 | H63: 900 | I63: 1150 | J63: =F63*H63 -> 7920000 | K63: =F63*I63 -> 10120000
B64: completely underground with landscaped roof and mechanical ventilation | F64: 8800 | G64: m2 | H64: 1075 | I64: 1375 | J64: =F64*H64 -> 9460000 | K64: =F64*I64 -> 12100000
A66: 1 | B66: SPECIFIC SUPERSTRUCTURE PRICING | F66: 4243 | G66: Total GIFA M2
A68: 1.1 | B68: Frame | C68: Steel frame; composite beam and slab floors Suspended slab; permanent steel shuttering with 130mm thick concrete; no coverings or finishes - up to 6 storeys | D68: Changed to tpi 4Q2022 and location of wales | F68: 4243 | G68: GIFA | I68: 195 | K68: =I68*F68 -> 827385
A70: 1.2 | B70: Upper Floors | C70: Post-tensioned concrete upper floors reinforced post-tensioned suspended concrete slab 150–225mm thick, 40N/mm2, reinforcement 60kg/m3, formwork | D70: Changed to tpi 4Q2022 and location of wales | F70: 1484 | G70: m2 | I70: 140 | K70: =I70*F70 -> 207760
A72: 1.3 | B72: Roofing | C72: Flat Roof - Flat roofing systemsIncludes insulation and vapour control barrier; excludes decking (U-value = 0.25W/m2K) | D72: Changed to tpi 4Q2022 and location of wales | E72: lower cost - 20mm thick polymer modified asphalt roofing including felt underlay. higher cost - single layer polymer roofing membrane with tapered insulation | F72: 667 | G72: m2 | H72: 136 | I72: 185 | J72: =H72*F72 -> 90712 | K72: =I72*F72 -> 123395
C74: Pitched Roof - Steel trussed with metal sheet cladding Steel roof trusses and beams; thermal and acoustic insulation (U-value =0.25W/m2K) aluminium profiled composite cladding | D74: Changed to tpi 4Q2022 and location of wales | F74: 2075 | G74: m2 | I74: 360 | K74: =I74*F74 -> 747000
A76: 1.4 | B76: Stairs & Ramps | C76: Reinforced concrete construction Staircase; terrazzofinish; mild steel balustrades and handrails; plastered soffit;balustrades and staircase soffit decorated3.00m rise; dogleg | D76: Changed to tpi 4Q2022 and location of wales | F76: 2 | G76: nr | I76: 11000 | K76: =I76*F76 -> 22000 | L76: spons Pg.194
A78: 1.5 | B78: External walls | C78: Metal profiled cladding panel - Flat panel composite insulated roofing system; micro-rib panel; 60mm overall panel, thickness (U-value = 0.35W/m2K) | D78: Changed to tpi 4Q2022 and location of wales | E78: 454 perimeter 2 floors | F78: =454*14.9 -> 6764.6 | G78: m2 | I78: 305 | K78: =I78*F78 -> 2063203 | L78: Spons Pg.197
B80: Wall Insulation | C80: Insulation - External wall insulation - Kingspan Kooltherm K8 (Thermal conductivity 0.022W/mK) zero ODP rigiurethene insulation board or other equal; as partial cavity fill; including cutting and fitting around wall ties and retaining discs | D80: Changed to tpi 4Q2022 and location of wales
C82: 40mm thickness low cost | D82: 75mm Thickness high cost | F82: =F78 -> 6764.6 | G82: m2 | H82: 19.6 | I82: 24 | J82: =H82*F82 -> 132586.16 | K82: =I82*F82 -> 162350.4
A84: 1.6 | B84: External windows & Doors
B86: Windows | C86: Unitized curtain walling system with double glazed units, aluminium structural framing and sandal rails. Standard colour powered coated | D86: Glazing to swimming pool | E86: Changed to tpi 4Q2022 and location of wales
D87: Tennis side | E87: H 7.5m x W 50m | F87: =7.5*50 -> 375 | G87: m2 | I87: 1310 | K87: =I87*F87 -> 491250 | L87: spons Pg.198
D88: Rugby side | E88: H 9.5-8m x 17m | F88: =9.5*17 -> 161.5 | G88: m2 | I88: 1310 | K88: =I88*F88 -> 211565 | L88: spons Pg.198
B89: window number
C90: uPVC windows, Windows; standard ironmongery; sills and factory glazed with low-e 24 mm double glazing | D90: Changed to tpi 4Q2022 and location of wales | E90: low cost wer rating C, high cost wer rating A
B91: 6 | C91: GF | E91: 4 x 3.4 | F91: =(4*3.4)*B91 -> 81.6 | G91: m2 | H91: 289 | I91: 295 | J91: =H91*F91 -> 23582.4 | K91: =I91*F91 -> 24072 | L91: spons Pg. 200
B93: 8 | E93: 4 x 3.4 | F93: =(4*3.4)*B93 -> 108.8 | G93: m2 | H93: 289 | I93: 295 | J93: =H93*F93 -> 31443.2 | K93: =I93*F93 -> 32096 | L93: spons Pg. 200
B94: 4 | E94: 0.5 x 3 | F94: =(0.5*3)*B94 -> 6 | G94: m2 | H94: 289 | I94: 295 | J94: =H94*F94 -> 1734 | K94: =I94*F94 -> 1770 | L94: spons Pg. 200
B96: Doors | C96: Wheel chair entrance door - Stainless steel entrance screens and doors, Purpose-made screen; double glazed, with automatic doors | D96: Changed to tpi 4Q2022 and location of wales | F96: 3 | G96: nr | I96: 3275 | K96: =I96*F96 -> 9825 | L96: spons Pg.202
C97: Steel external doors Standard doors, single external steel door, including frame, ironmongery, powder coated finish | D97: Changed to tpi 4Q2022 and location of wales | F97: 9 | G97: nr | I97: 1310 | K97: =I97*F97 -> 11790 | L97: spons Pg.201
A100: 1.7 | B100: Internal Walls
B102: GF | C102: Frame and panel partitions, Timber stud partitions, structure only comprising 100 mm × 38 mm softwood studs at 600 mm centres; head and sole plates | D102: Changed to tpi 4Q2022 and location of wales | E102: 184.593 x 3.4 | F102: =184.593*3.4 -> 627.6162 | G102: m2 | I102: 32 | K102: =I102*F102 -> 20083.718 | L102: spons Pg. 203
B104: FF | C104: Frame and panel partitions, Timber stud partitions, structure only comprising 100 mm × 38 mm softwood studs at 600 mm centres; head and sole plates | D104: Changed to tpi 4Q2022 and location of wales | E104: 220.463 x 3.4 | F104: =220.463*3.4 -> 749.5742 | G104: m2 | I104: 32 | K104: =I104*F104 -> 23986.374 | L104: spons Pg. 203
A106: 1.8 | B106: Lift and Conveyor installations | C106: Passenger lifts (standard brushed stainless steel finish; 2 panel centre opening doors) 8-person; 4 stops; 1.0m/s speed | D106: Changed to tpi 4Q2022 and location of wales | F106: 3 | G106: nr | I106: 98000 | K106: =I106*F106 -> 294000
A109: 1.9 | B109: Internal Windows & Doors
B111: Windows | C111: internal window gym looking over pool area, Purpose-made windows, Softwood windows (U-value = 1.6 W/m2 K) painted; double glazed; over 1.50 m2 | D111: Changed to tpi 4Q2022 and location of wales | F111: =46.56*2 -> 93.12 | G111: m2 | I111: 760 | K111: =I111*F111 -> 70771.2 | L111: spons Pg. 200
B113: Doors & Screens | C113: Toilet doors - Ironmongery sets Stainless steel ironmongery; euro locks; push plates; kick plates; signage; closures; standard sets, standard bathroom door (unisex) | D113: Changed to tpi 4Q2022 and location of wales | F113: 9 | G113: nr | I113: 350 | K113: =I113*F113 -> 3150 | L113: spons Pg. 206
C114: Plant rooms - Ironmongery sets Stainless steel ironmongery; euro locks; push plates; kick plates; signage; closures; standard sets, maintenance/plant room door; lockable; fire-rated | D114: Changed to tpi 4Q2022 and location of wales | F114: 2 | G114: nr | I114: 435 | K114: =I114*F114 -> 870 | L114: spons Pg. 206
C115: Fire doors Standard fire doors; cellular core; softwood lining; softwood architrave; aluminuim ironmongery (lockable, self-closure); painting or polishing; single leaf; Oak veneered; 60 min fire resistance; polished | D115: Changed to tpi 4Q2022 and location of wales | F115: 41 | G115: nr | I115: 1035 | K115: =I115*F115 -> 42435 | L115: spons Pg. 206
A118: 2 | B118: Internal Finishes
B119: Walls | C119: In situ wallfinishes - one mist and two coats emulsion paint ( to General areas) GF | D119: Changed to tpi 4Q2022 and location of wales | E119: office 1, staff room, reception, office 2, lift, corridor | F119: =(22+20+92+15+10+16)*3.4 -> 595 | G119: m2 | I119: 5.6 | K119: =I119*F119 -> 3332
C120: Aquamura wall Panels; including backing (In Wet Areas) GF | D120: Changed to tpi 4Q2022 and location of wales | E120: Swimming pool, pool store, plant room, pool changing room, pool walkway, toilets 1, toilets 2, first aid | F120: =(138+55+52+153+308+44+10+18)*3.4 -> 2645.2 | G120: m2 | I120: 30 | K120: =I120*F120 -> 79356
C121: In situ wallfinishes - one mist and two coats emulsion paint ( to General areas) FF | D121: Changed to tpi 4Q2022 and location of wales | E121: studio 1, studio 2, gym, gallery, corridors, store 1, store 2, store 3, store 4, store 5, stairwell, store 6, emergency access | F121: =(49+47+127+51+236+14+23+14+18+10+17+19+18)*3.4 -> 2186.2 | G121: m2 | I121: 5.6 | K121: =I121*F121 -> 12242.72
C122: Aquamura wall Panels; including backing (In Wet Areas) FF | D122: Changed to tpi 4Q2022 and location of wales | E122: changing rooms gym, toillets, disabled toilets | F122: =(78+47+18)*3.4 -> 486.2 | G122: m2 | I122: 30 | K122: =I122*F122 -> 14586
B124: Floors | J124: =H124*F124 -> 0
C125: Vinyl GF | D125: Changed to tpi 4Q2022 and location of wales | F125: =772+28+24+229+13+6+60+16+6 -> 1154 | G125: m2 | H125: 20 | J125: =H125*F125 -> 23080
C126: Tiles GF - Glazed ceramic tiled flooring, anti-slip tiles | D126: Changed to tpi 4Q2022 and location of wales | F126: =857+143+114+450 -> 1564 | G126: m2 | H126: 65 | J126: =H126*F126 -> 101660
C128: Vinyl FF | D128: Changed to tpi 4Q2022 and location of wales | F128: =19+15+14+16+3+11+12+15+11+272+90+100+186+128+126+455 -> 1473 | G128: m2 | H128: 20 | J128: =H128*F128 -> 29460
B130: Ceilings | C130: plaster skim coat to plasterboard ceilings | D130: Changed to tpi 4Q2022 and location of wales | F130: =4243 -> 4243 | G130: m2 | I130: 9 | K130: =I130*F130 -> 38187 | L130: spons Pg. 210
C131: Emulsion paint to plaster, two coats | F131: 4243 | G131: m2 | I131: 6.3 | K131: =I131*F131 -> 26730.9 | L131: spons Pg. 210
A133: 3 | B133: Fittings and Furnishings
C134: General fittings, furnishings and equipment | D134: Provisional Sum | F134: =4243-F135-F170-F171-F172 -> 4086.388 | G134: GIFA | H134: 75 | I134: 95 | J134: =H134*F134 -> 306479.1 | K134: =I134*F134 -> 388206.86
C135: Gym
C136: Body Power Smith Half Rack - Bench Included | F136: 1 | H136: 1059 | K136: =H136*F136 -> 1059
C137: Powertec Leg Press | F137: 1 | H137: 995 | K137: =H137*F137 -> 995
C138: Hammer Strength Plated Loaded V-Squat | F138: 1 | H138: 5898 | K138: =H138*F138 -> 5898
C139: Body-Solid Pro club line series 2 Bicep & Tricep (235lbs) | F139: 1 | H139: 2199 | K139: =H139*F139 -> 2199
C140: Powerline Preacher Curl Bench | F140: 1 | H140: =219+52.99 -> 271.99 | K140: =H140*F140 -> 271.99
C141: TuffStuff Apollo AP-71MP Multi Press | F141: 1 | H141: 2795 | K141: =H141*F141 -> 2795
C142: Powertec Isolateral Workbench Multi Press | F142: 1 | H142: 859 | K142: =H142*F142 -> 859
C143: Body-Solid Pro Club Line T-Bar | F143: 1 | H143: 439 | K143: =H143*F143 -> 439
C144: Matrix Fitness Magnum MG-A52 Back Extension | F144: 1 | H144: 714 | K144: =H144*F144 -> 714
...

Sheet Material Cost Comparison
A1: Material Cost Comparison
A2: Material | C2: Unit | D2: Cost | F2: Material | H2: Unit | I2: Cost | K2: Cost Difference
A3: UPVC Windows | C3: No | D3: 800 | E3: 0.9 x 1.1 | F3: Composite Windows | H3: No | I3: 1200 | J3: 0.9 x 1.1 | K3: =I3-D3 -> 400 | N3: Costing an additional £400.00 for that size window to have composite, while UPVC is a better financial option
A4: Aquamura Panels | C4: m2 | D4: 35 | F4: Wall tiles | H4: m2 | I4: 30 | K4: =D4-I4 -> 5 | N4: The chosen material is aquamura panels as the product is easy to install reducing the labour cost for installation, is designed to have a longer lasting life line than tiles.
A5: Roof Tiles | C5: m2 | D5: 170 | F5: Roof panel system | H5: m2 | I5: =30000/105 -> 285.71429 | K5: =I5-D5 -> 115.71429 | N5: The roofing panel system is considered a specialist topic in the construction area, causing only certain people can install the material which will be seen as an additional cost. the panell systems are considered to be more weather resistant and there for tend to have a longer life line, allowing the maintence costs to be lower through the life cycle which is a bigger consideration due to the location of the building.

Sheet 1. Preliminaries-main contract
B3: Bill of Quantities
B5: Page of BoQ (1 of
B6: Item No | C6: Description | I6: Unit | J6: Quantity | K6: Rate | L6: Amount
C8: PRELIMINARIES
C9: Bill No. 1: Preliminaries (main contract)
C11: PART B: PRICING SCHEDULE
B13: 1.1 | C13: Employer's requirements
B15: 1.1.1 | C15: Site accommodation
B16: 1.1.1.1 | C16: Site accommodation | I16: item | J16: Fixed charge
C17: Contractor's office rental
C18: Mobile offices (10 staff × 8 m²) = 80 m² | I18: weeks | J18: 66 | K18: £ 205.00 | L18: £ 15,170.00
C20: Contractor's site huts
C21: Stores hut, 22 m² | I21: weeks | J21: 66 | K21: £ 56.00 | L21: £ 4,144.00
C23: Canteen and welfare huts
C24: Canteen 70 m² (assume 70 men) | I24: weeks | J24: 66 | K24: £ 180.00 | L24: £ 13,320.00
C25: Washroom 30 m² | I25: weeks | J25: 66 | K25: £ 70.00 | L25: £ 5,180.00
C26: Staff toilets | I26: weeks | J26: 66 | K26: £ 180.00 | L26: £ 13,320.00
C27: Site toilets | I27: weeks | J27: 66 | K27: £ 240.00 | L27: £ 17,760.00
B32: 1.1.1.1.2 | C32: Adaptation/alterations during works | I32: item | J32: Fixed charge
B33: 1.1.1.1.3 | C33: Dismantling and removing from site, including rectifying any damage | I33: item | J33: Fixed charge
B34: 1.1.1.1.4 | C34: Maintaining | I34: weeks
B35: 1.1.1.1.5 | C35: Cleaning | I35: weeks
B36: 1.1.1.1.6 | C36: Charges | I36: weeks
B37: 1.1.1.1.7 | C37: Off-site rented temporary accomodation
B39: 1.1.1.2 | C39: Furniture and equipment | I39: item | J39: Fixed charge
C40: 1. Bring to site and installing | I40: item | J40: Fixed charge
C41: 2. Cleaning | I41: week
C42: 3. Charges | I42: week
C43: 4. Dismantling and removing from site | I43: item | J43: Fixed charge
B46: 1.1.2 | C46: Site Records
B47: 1.1.2.1 | C47: Site Records | I47: item | J47: Fixed charge
B48: 1.1.2.2 | C48: Web-based information management system | I48: item | J48: Fixed charge
B51: 1.1.3 | C51: Completion and post-completion requirements
B52: 1.1.3.1 | C52: Handover requirements | I52: item | J52: Fixed charge
B53: 1.1.3.2 | C53: Opetion and maintenance services | I53: week
B54: 1.1.3.3 | C54: Landscape management services | I54: week
B57: 1.2 | C57: Main Contractor's cost items
B58: 1.2.1 | C58: Management and staff
B59: 1.2.2 | C59: 1. Project-specific management and staff | I59: week
C60: Agent | I60: week | J60: 66 | K60: £ 1,895.00 | L60: £ 125,070.00
C61: Senior Engineer | I61: week | J61: 66 | K61: £ 1,745.00 | L61: £ 115,170.00
C62: Engineers | I62: week | J62: 80 | K62: £ 1,320.00 | L62: £ 105,600.00
C63: General foreman | I63: week | J63: 66 | K63: £ 1,020.00 | L63: £ 67,320.00 | S63: 26/05/2023
C64: Office manager/cost clerk | I64: week | J64: 66 | K64: £ 870.00 | L64: £ 57,420.00 | S64: 30/08/2024
C65: Timekeeper/Storeman/Checker | I65: week | J65: 66 | K65: £ 610.00 | L65: £ 40,260.00
C66: Admin support | I66: week | J66: 66 | K66: £ 460.00 | L66: £ 30,360.00 | S66: 462
C67: Security guard | I67: week | J67: 66 | K67: £ 510.00 | L67: £ 33,660.00 | S67: 66
C68: Quantity Surveyor | I68: week | J68: 66 | K68: £ 1,566.00 | L68: £ 103,356.00
C69: Fitter | I69: week | J69: 66 | K69: £ 850.00 | L69: £ 56,100.00
C71: 2 Visiting management and staff
C75: 3 Extraordinary support costs
C78: 4. Staff travel
C79: Site transport for staff and general use
C80: QS/Agent's cars | I80: week | J80: 66 | K80: £ 160.00 | L80: £ 10,560.00
C81: Engineers' cars (contribution) | I81: week | J81: 146 | K81: £ 80.00 | L81: £ 11,680.00
C82: Land Rover or similar SWB | I82: week | J82: 66 | K82: £ 390.00 | L82: £ 25,740.00
C83: Site transport – Labour | I83: week | J83: 60 | K83: £ 610.00 | L83: £ 36,600.00
B86: 1.2.2 | C86: Site establishment
L94: 880342

Sheet Information given by model
C2: Depth | D2: Area | E2: Volume | F2: Length
B3: Reinforced slab for Car park | C3: 0.3 | D3: 8802
B4: Car park | C4: 3 | D4: 8802 | E4: =C4*D4 -> 26406
B5: Reinforced slab for 3G pitch | C5: 0.3 | D5: 7324
B6: 3G pitch | D6: 7324
B8: Piling (estimate based on UWTSD library) | F8: =(D13+D4)*0.085 -> 936.62676
B10: Basment wall | D10: =215+260+2+62+44+21+20+20+198+84+216 -> 1142
B12: GF plan - Dims' take-off
B13: General building | D13: =SUM(D14:D17) -> 2217.1383
B14: Swimming pool incl surrounding walkways | D14: =(50+4+4)*(17+2.4+2.5) -> 1270.2
B15: Pool store | D15: =(18.541*7.452) -> 138.16753
B16: Plant room | D16: =(20.334*11.466)/2 -> 116.57482
B17: Changing rooms | D17: =((50+4-9.79)*(22.378+8.936))/2 -> 692.19597
B19: Tennis courts | D19: 1286
B20: Club house GF | D20: 830
B21: Club house 1st Fl | D21: 800
B23: Changing facilities / Gym | D23: 1394
B24: Studio areas

Sheet Takeoff Quantities
A1: 44936
A2: Concept design 6
B4: Object Title | C4: Area (m²) | D4: Perimeter of Original Areas (m)
A6: GROUND FLOOR | B6: Swimming Pool | C6: 856.73 | D6: 137.29
B7: Pool store | C7: 142.69 | D7: 54.87
B8: Plant room | C8: 113.55 | D8: 51.68
B9: Changing rooms (Pool) | C9: 772.04 | D9: 152.86
B10: Office | C10: 27.75 | D10: 21.14
B11: Staff rom | C11: 24.01 | D11: 19.65
B12: Reception/foyer area | C12: 228.35 | D12: 91.12
B13: Pool walkways/surround | C13: 449.52 | D13: 307.59
B14: Office | C14: 13.17 | D14: 14.52
B15: Lift shaft | C15: 5.8 | D15: 10.12
B16: Corridor | C16: 5.29 | D16: 15.35
B17: Toilets | C17: 59.93 | D17: 43.89
B18: First Aid | C18: 16.07 | D18: 17.63
... B20: TOTAL GF | C20: 2759.28 | D20: 233.45
A21: FIRST FLOOR | B21: Studio | C21: 125.58 | D21: 48.78
B22: Studio | C22: 127.31 | D22: 46.86
B23: Gym | C23: 454.79 | D23: 126.69
B24: Changing rooms (Gym) | C24: 185.39 | D24: 77.13
B25: Toilets | C25: 99.47 | D25: 47.01
B26: Gallery / stand | C26: 89.87 | D26: 50.12
B27: Corridors | C27: 272.19 | D27: 235.9
B28: Store | C28: 11.23 | D28: 13.77
B29: Store | C29: 14.91 | D29: 22.8
B30: Store | C30: 11.98 | D30: 14.14
B31: Store | C31: 11.04 | D31: 17.95
B32: Store | C32: 3.31 | D32: 9.19
B33: Stairwell | C33: 18.43 | D33: 17.17
... B37: TOTAL 1st F | C37: 1483.62 | D37: 220.58
A40: OTHER | B40: GIFA Total | D40: =C37+C20 -> 4242.9

Sheet Take-off Quantities
A1: TA Building Consultancy LTD
A2: LEVEL 6 QUANTITY SURVEYING [UWTSD]
S4: PILING SCHEDULE | AC4: BOREHOLE INFORMATION
B5: External wall face length | G5: Total trench length | K5: GROUND SLAB
B6: A-E | G6: Total trench area | K6: Volume | L6: =(D11*D23)*0.15 -> 124.42302 | M6: m3
C7: 6.3 | G7: A-E | K7: Area | L7: =D11*D23 -> 829.4868 | M7: m2 | S7: P1 | T7: 5.925 | V7: P43 | W7: 5.925 | Y7: P85 | Z7: 5.075
C8: 3.75 | H8: 6.3 | S8: P2 | T8: 5.925 | V8: P44 | W8: 5.925 | Y8: P86 | Z8: 5.925
C9: 3.75 | H9: 3.95 | K9: Plus Working Space | L9: =(D11+2)*(D23+2) -> 956.2228 | M9: m2 | S9: P3 | T9: 5.925 | V9: P45 | W9: 5.925 | Y9: P87 | Z9: 5.925
C10: 6.3 | H10: 2.35 | S10: P4 | T10: 5.925 | V10: P46 | W10: 5.925 | Y10: P88 | Z10: 5.925
D11: =SUM(C7:C10) -> 20.1 | H11: 3.75 | S11: P5 | T11: 5.925 | V11: P47 | W11: 5.925 | Y11: P89 | Z11: 5.925
H12: 3.75 | K12: REVOLVING DOOR | S12: P6 | T12: 5.925 | V12: P48 | W12: 5.925 | Y12: P90 | Z12: 5.925
H13: 3.95 | K13: Volume | L13: =11.5*0.2 -> 2.3 | M13: m3 | S13: P7 | T13: 5.925 | V13: P49 | W13: 5.925 | Y13: P91 | Z13: 5.925
B14: 1-9' | H14: 2.35 | K14: Area | L14: 11.5 | M14: m2 | S14: P8 | T14: 5.925 | V14: P50 | W14: 5.925 | Y14: P92 | Z14: 5.475
C15: 3.95 | H15: 6.3 | S15: P9 | T15: 5.925 | V15: P51 | W15: 5.925 | Y15: P93 | Z15: 5.475
C16: 2.35 | I16: =SUM(H8:H15) -> 32.7 | S16: P10 | T16: 5.925 | V16: P52 | W16: 5.925 | Y16: P94 | Z16: 5.475
C17: 3.95 | K17: MASS PILE CAPS | S17: P11 | T17: 5.925 | V17: P53 | W17: 5.925 | Y17: P95 | Z17: 5.475
C18: 6.3 | G18: 1-9' | K18: AREA 1 | L18: 7.9 | S18: P12 | T18: 5.925 | V18: P54 | W18: 5.925 | Y18: P96 | Z18: 5.925
C19: 6.3 | H19: 3.95 | L19: 6.575 | S19: P13 | T19: 5.925 | V19: P55 | W19: 5.925 | Z19: =SUM(Z7:Z18) -> 68.45
C20: 6.3 | H20: 2.35 | M20: =L19*L18 -> 51.9425 | S20: P14 | T20: 5.925 | V20: P56 | W20: 5.925
C21: 6.3 | H21: 3.95 | K21: AREA 2 | L21: 7.9 | S21: P15 | T21: 5.925 | V21: P57 | W21: 5.925
C22: 5.818 | H22: 6.3 | L22: 5.5 | S22: P16 | T22: 5.925 | V22: P58 | W22: 5.925
D23: =SUM(C15:C22) -> 41.268 | H23: 6.3 | M23: =L21*L22 -> 43.45 | S23: P17 | T23: 5.925 | V23: P59 | W23: 5.925
H24: 6.3 | L24: =2.68+0.9+1.785 -> 5.365 | S24: P18 | T24: 5.925 | V24: P60 | W24: 5.925
B25: A-E 2 | H25: 6.3 | L25: 6.3 | S25: P19 | T25: 5.925 | V25: P61 | W25: 5.925 | Z25: =Z19/L7 -> 0.082520903
C26: 6.3 | H26: 5.818 | M26: =L24*L25 -> 33.7995 | S26: P20 | T26: 5.925 | V26: P62 | W26: 5.925
C27: 3.75 | I27: =SUM(H19:H26) -> 41.268 | M27: =SUM(M20:M26) -> 129.192 | N27: m2 | S27: P21 | T27: 5.925 | V27: P63 | W27: 5.075
C28: 3.75 | G28: A-E 2 | S28: P22 | T28: 5.925 | V28: P64 | W28: 5.075
C29: 6.3 | H29: 6.3 | S29: P23 | T29: 5.925 | V29: P65 | W29: 5.075
D30: =SUM(C26:C29) -> 20.1 | H30: 1.981 | S30: P24 | T30: 5.925 | V30: P66 | W30: 5.075
H31: 3.686 | K31: SHEER WALLS | S31: P25 | T31: 5.925 | V31: P67 | W31: 5.475
H32: 3.75 | K32: AREA 1 | S32: P26 | T32: 5.925 | V32: P68 | W32: 5.475
H33: 3.75 | L33: 1.172 | S33: P27 | T33: 5.925 | V33: P69 | W33: 5.475
B34: 1-9' 2 | H34: 1.981 | L34: 0.428 | S34: P28 | T34: 5.925 | V34: P70 | W34: 5.475
C35: 3.95 | H35: 3.686 | L35: 1.6 | S35: P29 | T35: 5.925 | V35: P71 | W35: 5.075
C36: 2.35 | H36: 6.3 | L36: =6.3-0.77 -> 5.53 | S36: P30 | T36: 5.925 | V36: P72 | W36: 5.075
C37: 3.95 | I37: =SUM(H29:H36) -> 31.434 | L37: 5.53 | S37: P31 | T37: 5.925 | V37: P73 | W37: 5.075
C38: 6.3 | G38: 1-9' 2 | L38: =6.3-1.17 -> 5.13 | S38: P32 | T38: 5.925 | V38: P74 | W38: 5.075
C39: 6.3 | H39: 3.95 | L39: 6.3 | S39: P33 | T39: 5.925 | V39: P75 | W39: 5.475
C40: 6.3 | H40: 2.35 | L40: =SUM(L33:L39) -> 25.69 | M40: m | S40: P34 | T40: 5.925 | V40: P76 | W40: 5.475
C41: 6.3 | H41: 3.95 | S41: P35 | T41: 5.925 | V41: P77 | W41: 5.475
C42: 5.818 | H42: 6.3 | K42: AREA 2 | S42: P36 | T42: 5.925 | V42: P78 | W42: 5.475
D43: =SUM(C35:C42) -> 41.268 | H43: 6.3 | L43: 2.68 | S43: P37 | T43: 5.925 | V43: P79 | W43: 5.925
H44: 6.3 | L44: 3.58 | S44: P38 | T44: 5.925 | V44: P80 | W44: 5.925
H45: 6.3 | L45: 6.3 | S45: P39 | T45: 5.925 | V45: P81 | W45: 5.925
H46: 5.818 | L46: 6.3 | S46: P40 | T46: 5.925 | V46: P82 | W46: 5.075
I47: =SUM(H39:H46) -> 41.268 | L47: 0.9 | S47: P41 | T47: 5.925 | V47: P83 | W47: 5.075
L48: =SUM(L43:L47) -> 19.76 | M48: m | S48: P42 | T48: 5.925 | V48: P84 | W48: 5.075
T49: =SUM(T7:T48) -> 248.85 | W49: =SUM(W7:W48) -> 235.9
K52: Steel Reinforcement to Piles
K53: WEIGHT CALCULATION
K55: DIA | L55: No | M55: LENGTH | P55: 16
M56: mm | P56: mm
K57: 16 | L57: =96*3 -> 288 | M57: 1400 | P57: =IF(K57=16,L57*M57*1.579/1000,0) -> 636.6528

Sheet Index Factors
B1: TA Building Consultancy LTD
B2: LEVEL 6 QUANTITY SURVEYING [UWTSD]
B5: Index Factors
C7: SPONS - Original Tender Index - SPONS 2020 book TPI | E7: 124 | G7: Time Factor | H7: =Submission/Original
C8: SPONS Current Tender Index - Q2 2022 (PROJECT COMMENCEMENT) | E8: 125.6 | H8: =E13/E7 -> 1.0887097
C9: SPONS Tender Index - Movement | E9: =E8-E7 -> 1.6
C10: BCIS Tender Index - in line with SPONS 2020 book TPI | E10: 344
C11: BCIS Tender Index - Q2 2022 (PROJECT COMMENCEMENT) | E11: 355
C12: BCIS Tender Index - Movement | E12: =E11-E10 -> 11
C13: SPONS TPI with BCIS accurate index movement | E13: =E7+E12 -> 135
C16: Original Location Index - Outer London (Spon’s 2020) | E16: 1 | G16: Location Factor | H16: =Current/Original
C17: Current Location Index - Wales | E17: 0.86 | H17: =E17/E16 -> 0.86
C22: Reference Description | E22: Page
C23: Spon's A&B 2020 has been model calculated to give a book TPI | E23: SP - pg. 44
C24: Outer London (Spon’s 2020) | E24: SP - pg. 46
C25: BCIS All-in TPI - Last updated 22-Dec-2021

Sheet BCIS Indices
A1: Series: | B1: BCIS All-in TPI
A2: Series number: | B2: 101 | D2: quarterly
A3: Base: | B3: 1985 mean = 100
A4: Last updated: | B4: 44552
A5: Downloaded: | B5: 44600.042
A6: Date | B6: Index | C6: Status | D6: Equivalent sample | E6: Percentage change
E7: On year | F7: On quarter
A8: 36557 | B8: 158 | D8: 66 | E8: 7.5 | F8: 2.6
A9: 36647 | B9: 158 | D9: 56 | E9: 6 | F9: 0
A10: 36739 | B10: 162 | D10: 68 | E10: 6.6 | F10: 2.5
A11: 36831 | B11: 167 | D11: 59 | E11: 8.4 | F11: 3.1
A12: 36923 | B12: 170 | D12: 82 | E12: 7.6 | F12: 1.8
A13: 37012 | B13: 171 | D13: 64 | E13: 8.2 | F13: 0.6
A14: 37104 | B14: 177 | D14: 60 | E14: 9.3 | F14: 3.5
A15: 37196 | B15: 177 | D15: 73 | E15: 6 | F15: 0
A16: 37288 | B16: 182 | D16: 56 | E16: 7.1 | F16: 2.8
A17: 37377 | B17: 189 | D17: 59 | E17: 10.5 | F17: 3.8
A18: 37469 | B18: 188 | D18: 51 | E18: 6.2 | F18: -0.5
A19: 37561 | B19: 190 | D19: 63 | E19: 7.3 | F19: 1.1
... A87: 43770 | B87: 333 | D87: 56 | E87: 0.9 | F87: -0.6
A88: 43862 | B88: 335 | C88: Provisional | E88: 1.2 | F88: 0.6
A89: 43952 | B89: 335 | C89: Provisional | E89: 0 | F89: 0
A90: 44044 | B90: 330 | C90: Provisional | E90: -1.5 | F90: -1.5
A91: 44136 | B91: 328 | C91: Provisional | E91: -1.5 | F91: -0.6
A92: 44228 | B92: 328 | C92: Provisional | E92: -2.1 | F92: 0
A93: 44317 | B93: 331 | C93: Provisional | E93: -1.2 | F93: 0.9
A94: 44409 | B94: 339 | C94: Provisional | E94: 2.7 | F94: 2.4
A95: 44501 | B95: 344 | C95: Provisional | E95: 4.9 | F95: 1.5
A96: 44593 | B96: 350 | C96: Forecast | E96: 6.7 | F96: 1.7
A97: 44682 | B97: 355 | C97: Forecast | E97: 7.3 | F97: 1.4
A98: 44774 | B98: 355 | C98: Forecast | E98: 4.7 | F98: 0
A99: 44866 | B99: 356 | C99: Forecast | E99: 3.5 | F99: 0.3
... A114: 46235 | B114: 412 | C114: Forecast | E114: 3.8 | F114: 0
